 Dungeon Crawl Stone Soup version 0.24-a0-250-g6074511 (webtiles) character file.

Game seed: 12447959410508035781

36 Borgoz the Cutter (level 3, -3/22 HPs)
             Began as a Kobold Gladiator on Apr 14, 2019.
             Killed from afar by an orc wizard (4 damage)
             ... with a puff of flame
             ... on level 3 of the Dungeon.
             The game lasted 00:02:37 (2517 turns).

Borgoz the Cutter (Kobold Gladiator)                Turns: 2517, Time: 00:02:38

Health: -3/22      AC:  4    Str: 12    XL:     3   Next: 57%
Magic:  3/3        EV: 22    Int:  9    God:
Gold:   110        SH:  0    Dex: 21    Spells: 2/2 levels left

rFire    . . .     SeeInvis .   a - +0 rapier
rCold    . . .     Gourm    .   (shield restricted)
rNeg     . . .     Faith    .   b - +0 leather armour
rPois    .         Spirit   .   c - +0 helmet
rElec    .         Reflect  .   (no cloak)
rCorr    .         Harm     .   (no gloves)
MR       .....                  (no boots)
Stlth    +++.......             (no amulet)
HPRegen  0.07/turn              (no ring)
MPRegen  0.08/turn              (no ring)

@: agile
A: small, carnivore
a: no special abilities


You were on level 3 of the Dungeon.
You were very full.

You visited 1 branch of the dungeon, and saw 3 of its levels.

You collected 110 gold pieces.

Inventory:

Hand Weapons
 a - a +0 rapier (weapon)
Armour
 b - a +0 leather armour (worn)
 c - a +0 helmet (worn)
Jewellery
 n - an uncursed amulet of rage {unknown}
Wands
 i - a wand of paralysis (12)
Scrolls
 e - 2 scrolls of identify {unknown}
 g - 2 scrolls of remove curse {unknown}
 j - a scroll of teleportation {unknown}
 k - a scroll of enchant weapon {unknown}
Potions
 h - 3 potions of curing
Comestibles
 f - 5 rations


   Skills:
 + Level 2.7 Fighting
 + Level 4.5 Short Blades
 - Level 2.1 Throwing
 + Level 1.0 Armour
 + Level 4.1 Dodging


You had 2 spell levels left.
You didn't know any spells.
Your spell library was empty.

Dungeon Overview and Level Annotations

Branches:
Dungeon (3/15)

Altars:
Kikubaaqudgha
Uskayaw
Wu Jian
Yredelemnul
Zin


Innate Abilities, Weirdness & Mutations

You are small and have problems with some larger weapons.
You are carnivorous and can eat meat at any time.


Message History

You hit the orc wizard but do no damage.
The orc wizard is moderately wounded.
The orc wizard hits you with a +0 dagger.
The orc hits you from afar with a +4 trident!
* * * LOW HITPOINT WARNING * * *
The orc wizard barely misses you.
You hit the orc wizard.
The orc wizard is heavily wounded.
The orc wizard closely misses you. The orc barely misses you.
Drop what? 12/52 slots (_ for help) (? for menu, Esc to quit)
Okay, then.
Throwing (i - inventory)
d - a throwing net (quivered)
Press: ? - help, Shift-Dir - straight line, f - orc wizard
Aim: an orc wizard, wielding a +0 dagger and wearing a cursed +0 robe (heavily wounded, fast)
You throw a throwing net. The throwing net hits the orc wizard.
The orc wizard is caught in the net!
The orc wizard is heavily wounded.
The orc wizard casts a spell at you. The puff of flame hits you.
You die...

.. ########.. ....>...
#....# #####....# ####
...#....# .....
####.#....########o.....
................@oo.....
####.#....########......
#.#...)# ..... #.#....#
.... #.#....# ###
#.###### ####'## #.....#
#.....#


You could see an orc wizard (caught) and 2 orcs.

Vanquished Creatures
  2 worms
  A dart slug (D:1)
  2 orcs (D:3)
  2 giant cockroaches (D:1)
  2 goblins
  3 hobgoblins
  4 kobolds
  A quokka (D:3)
  2 bats (D:1)
  5 frilled lizards
  3 rats
27 creatures vanquished.

Notes
Turn   | Place    | Note
-------+----------+-------------------------------------------
     0 | D:1      | Borgoz the Kobold Gladiator began the quest for the Orb.
     0 | D:1      | Reached XP level 1. HP: 12/12 MP: 1/1
   348 | D:1      | Reached XP level 2. HP: 18/18 MP: 2/2
  1367 | D:2      | Reached XP level 3. HP: 12/22 MP: 3/3
  1867 | D:2      | Found a glowing silver altar of Zin.
  1868 | D:2      | Found a basalt altar of Yredelemnul.
  1871 | D:2      | Found a hide-covered altar of Uskayaw.
  1875 | D:2      | Found an ancient bone altar of Kikubaaqudgha.
  1876 | D:2      | Found an ornate altar of the Wu Jian Council.
  2475 | D:3      | Reached skill level 1 in Armour
  2515 | D:3      | HP: 1/22 [orc/+4 trident (8)]
  2517 | D:3      | Killed from afar by an orc wizard

Levels and vault maps discovered:
D:1:      dpeg_arrival_rooms_a, layout_loops_ring
D:2:      layout_basic, minitemple
D:3:      layout_basic, st_stairs_5

Skill      XL: |  1  2  3 |
---------------+----------+-----
Dodging        | 4 |  4.1
Armour         | 1 |  1.0
Fighting       | |  2.7
Short Blades   | |  4.5
Throwing       | |  2.1

Action                   || total
-------------------------++-------
Melee: Rapier            ||   110
Throw: Throwing net      ||     4
  Use: Potion            ||     4
 Stab: Sleeping          ||     1
       Held in net/web   ||     1
  Eat: Chunk             ||    11
Armor: Leather armour    ||    10
Dodge: Dodged            ||    98

Table legend:
 A = Non-vault XP
 B = Vault XP
 C = Vault XP percentage of total XP
 D = Non-vault monster count
 E = Vault monster count
 F = Vault count percentage of total count
                 A         B        C        D         E       F
            +---------+---------+-------+---------+---------+-------
      Total |      52 |       0 |   0.0 |      27 |       0 |   0.0
            +---------+---------+-------+---------+---------+-------
        D:1 |      22 |       0 |   0.0 |      13 |       0 |   0.0
        D:2 |      16 |       0 |   0.0 |       9 |       0 |   0.0
        D:3 |      14 |       0 |   0.0 |       5 |       0 |   0.0
            +---------+---------+-------+---------+---------+-------
